AoeStats
← cmd

Arabia

509118383Analyzed
2v2 RM · 6d ago on Sep 25, 2026· 56m 57s· 4 players
Game mode
Random Map
Map size
Medium (4 player)
Population
200
Speed
Normal
Resources
Standard
Victory
Conquest
Starting age
Dark Age
Ending age
Imperial Age
RankedLock teamsTeams togetherTeam positionsShared explorationLock speedFull tech treeHidden civsTurbo modeCheats
Victory
Defeat
🇬🇧 Varangians · United Kingdom
936
+17
🇬🇧 Huns · United Kingdom
936
+17
🇩🇪 Japanese · Germany
990
-18
🇩🇪 Mongols · Germany
933
-16
the_drab_ardvark
11:39 Feudal Age
17:50 Castle Age
18:13 Scale Barding Armor
19:44 Forging
19:44 Double-Bit Axe
20:42 Gold Mining
21:22 Horse Collar
22:41 Bloodlines
28:29 Iron Casting
35:38 Husbandry
35:54 Loom
57:15 Scale Mail Armor
WarNoob
7:35 Loom
10:01 Feudal Age
10:48 Double-Bit Axe
11:58 Bloodlines
14:03 Scale Barding Armor
17:27 Fletching
25:41 Castle Age
23:32 Horse Collar
23:58 Gold Mining
24:22 Padded Archer Armor
26:21 Bodkin Arrow
26:35 Thumb Ring
27:25 Bow Saw
28:03 Stone Mining
32:12 Ballistics
32:53 Wheelbarrow
34:52 Leather Archer Armor
35:06 Husbandry
35:31 Forging
36:25 Light Cavalry
39:03 Chain Barding Armor
44:09 Iron Casting
51:18 Heavy Plow
58:06 Imperial Age
57:35 Marauders
helo
7:37 Loom
10:13 Feudal Age
11:04 Man-at-Arms
13:55 Double-Bit Axe
17:27 Horse Collar
20:52 Castle Age
19:36 Gold Mining
22:35 Fletching
22:46 Scale Mail Armor
22:11 Crossbowman
23:00 Pikeman
25:43 Bodkin Arrow
26:07 Crossbowman
29:15 Thumb Ring
32:01 Squires
45:35 Wheelbarrow
47:42 Bow Saw
50:33 Imperial Age
cmd
8:28 Loom
10:25 Feudal Age
11:06 Double-Bit Axe
12:26 Gold Mining
15:37 Fletching
20:43 Horse Collar
21:23 Stone Mining
22:48 Bloodlines
22:46 Scale Barding Armor
26:58 Castle Age
27:59 Wheelbarrow
27:26 Pikeman
30:26 Hand Cart
35:31 Bow Saw
36:00 Gold Shaft Mining
36:01 Stone Shaft Mining
36:58 Heavy Plow
41:36 Imperial Age
41:15 Husbandry
41:39 Chain Barding Armor
40:47 Elite Skirmisher
42:13 Bodkin Arrow
42:21 Padded Archer Armor
45:47 Ballistics
46:27 Chemistry
45:41 Thumb Ring
45:50 Elite Steppe Lancer
46:48 Leather Archer Armor
46:38 Bracer
49:30 Forging
50:26 Squires
54:13 Iron Casting
53:39 Scale Mail Armor
Connection lost

Rejoining the realm…

Still unreachable

The connection could not be restored.

Session expired

The server has moved on; the page needs a fresh start.